 Dungeon Crawl Stone Soup version 0.19.5 (webtiles) character file.

297 Reinor the Vexing (level 6, -1/41 HPs)
             Began as a Vampire Enchanter on Apr 14, 2017.
             Slain by an adder (3 damage)
             ... on level 4 of the Dungeon.
             The game lasted 00:14:59 (4342 turns).

Reinor the Vexing (Vampire Enchanter)               Turns: 4342, Time: 00:14:59

Health: -1/41      AC:  4    Str:  7    XL:     6   Next: 12%
Magic:  1/10       EV: 13    Int: 18    God:
Gold:   141        SH:  0    Dex: 16    Spells: 3 memorised, 3 levels left

rFire  . . .     SeeInvis +     a - +1 dagger
rCold  . . .     Gourm    .     b - +2 robe
rNeg   + . .     Faith    +     (no shield)
rPois  .         Spirit   .     (no helmet)
rElec  .         Reflect  .     (no cloak)
rCorr  .         Harm     .     (no gloves)
MR     .....                    (no boots)
Stlth  +++.......               n - amulet of faith
                                (no ring)
                                (no ring)

@: no status effects
A: fangs 3, see invisible, unbreathing
a: Bat Form


You were on level 4 of the Dungeon.
You were not thirsty.

You visited 1 branch of the dungeon, and saw 4 of its levels.

You collected 141 gold pieces.

Inventory:

Hand Weapons
 a - a +1 dagger (weapon)
Missiles
 i - 125 stones (quivered)
Armour
 b - a +2 robe (worn)
Jewellery
 n - an amulet of faith (around neck)
Wands
 k - a wand of iceblast (7/15)
Potions
 d - 21 potions of blood
 e - a potion of agility {unknown}
 f - 4 potions of curing
 g - a potion of lignification {unknown}
 h - a potion of invisibility {unknown}
 j - 2 potions of haste {unknown}
 l - a potion of cure mutation {unknown}
 m - a potion of might {unknown}
Books
 c - a book of Maledictions

   Spells                             Type                      Level
   a - Corona                         Hexes                        1
   b - Ensorcelled Hibernation        Hexes/Ice                    2
   c - Confuse                        Hexes                        3
   d - Tukima's Dance                 Hexes                        3
   e - Dazzling Spray                 Conjuration/Hexes            3


   Skills:
 + Level 3.1 Short Blades
 - Level 2.1 Dodging
 + Level 6.2 Stealth
 + Level 3.3 Spellcasting
 + Level 6.8 Hexes


You had 3 spell levels left.
You knew the following spells:

 Your Spells              Type           Power        Failure   Level  Hunger
a - Dazzling Spray        Conj/Hex       ###...       14%         3    ###....
b - Ensorcelled Hibernat  Hex/Ice        ###...       8%          2    ##.....
c - Confuse               Hex            ####....     2%          3    ###....


Dungeon Overview and Level Annotations

Branches:
Dungeon (4/15)
 Temple: D:4-7

Altars:


Innate Abilities, Weirdness & Mutations

You have razor-sharp teeth.
You have supernaturally acute eyesight. (SInv)
You can survive without breathing.


Message History

a scale mail; a falchion; a mace
Casting: Ensorcelled Hibernation
Confirm with . or Enter, or press ? or * to list all spells.
Aiming: Ensorcelled Hibernation
Press: ? - help, Shift-Dir - straight line, f/p - hound
Aim: a hound (chance to defeat MR: 54%)
The hound resists with significant effort.
The hound bites you.
* * * LOW HITPOINT WARNING * * *
The hound closely misses you.
Okay, then.
The hound misses you. The hound closely misses you.
The hound completely misses you. The hound bites you.
* * * LOW HITPOINT WARNING * * *
The hound closely misses you.
There is a stone staircase leading up here.
The hound barely misses you. The adder bites you.
You die...

##S###S........
######.## ##.#..#..#
#.#.....## ##..###.#
......[))## ##.#..#..##
#.#.....#S###.#.......#
##.#####.#S##......(#
#. ##.###.......# # #.#
#Sh)....# #.# #.@.....#
#.# #.......# #.#
#.......# #.# ####.####
#.# #.# #.# #.# .#


You could see a hound and an adder.

Vanquished Creatures
  2 orc priests (D:4)
  2 hounds (D:4)
  5 adders
  A gnoll (D:1)
  5 worms
  A dart slug (D:2)
  A leopard gecko (D:2)
  15 orcs
  8 bats
  3 giant cockroaches
  10 hobgoblins
  8 jackals
  7 kobolds
  2 quokkas (D:2)
  A ball python (D:2)
  10 frilled lizards
  7 goblins
  5 rats
93 creatures vanquished.

Notes
Turn   | Place    | Note
-------+----------+-------------------------------------------
     0 | D:1      | Reinor the Vampire Enchanter began the quest for the Orb.
     0 | D:1      | Reached XP level 1. HP: 13/13 MP: 3/3
   268 | D:1      | Reached XP level 2. HP: 5/19 MP: 5/5
   534 | D:1      | Learned a level 2 spell: Ensorcelled Hibernation
   886 | D:1      | Reached skill level 5 in Stealth
   886 | D:1      | Reached skill level 5 in Hexes
   886 | D:1      | Reached XP level 3. HP: 24/24 MP: 3/6
  1285 | D:2      | Learned a level 3 spell: Confuse
  2097 | D:2      | Reached XP level 4. HP: 30/30 MP: 0/7
  2613 | D:3      | Learned a level 3 spell: Dazzling Spray
  3308 | D:3      | Reached XP level 5. HP: 35/35 MP: 9/9
  3727 | D:4      | Noticed a phantom
  4306 | D:4      | Reached XP level 6. HP: 36/41 MP: 7/10
  4331 | D:4      | HP: 1/41 [hound (5)]
  4339 | D:4      | HP: 1/41 [hound (1)]
  4342 | D:4      | Slain by an adder

Skill      XL: |  1  2  3  4  5 |
---------------+----------------+-----
Stealth        | 5 6 |  6.2
Hexes          | 5 6 |  6.8
Short Blades   | 2 3 |  3.1
Spellcasting   | 3 |  3.3
Dodging        | |  2.1

Action                   |  1- 3 |  4- 6 || total
-------------------------+-------+-------++-------
Melee: Dagger            |   130 |   219 ||   349
       Bite              |     5 |    16 ||    21
Throw: Stone             |     5 |     7 ||    12
 Cast: Corona            |     2 |       ||     2
       Ensorcelled Hiber |     5 |    28 ||    33
       Confuse           |       |     2 ||     2
  Use: Potion            |     3 |     9 ||    12
       Scroll            |       |     5 ||     5
 Stab: Sleeping          |    13 |    24 ||    37
       Confused          |       |     1 ||     1
Armor: Robe              |    26 |    38 ||    64
Dodge: Dodged            |    73 |   132 ||   205
